 Dungeon Sprint DCSS version 0.28-a0-503-g83f2989fac (webtiles) character file.

Game seed: 378740476846213561

55 Conn the Firebug (level 3, 0/21 HPs)
             Began as an Octopode Fire Elementalist on Sept 21, 2021.
             Succumbed to a scorpion's poison
             ... in the Dungeon (Sprint II: "The Violet Keep of Menkaure").
             The game lasted 00:00:36 (25 turns).

Conn the Firebug (Octopode Fire Elementalist)         Turns: 25, Time: 00:00:37

Health: 0/21       AC:  1    Str:  7    XL:     3   Next: 93%
Magic:  4/7        EV: 13    Int: 18    God:
Gold:   0          SH:  0    Dex: 12    Spells: 7/8 levels left

rFire   . . .      SeeInvis .   (no weapon)
rCold   . . .      Faith    .   (no shield)
rNeg    . . .      Spirit   .   (helmet restricted)
rPois   .          Reflect  .   (no amulet)
rElec   .          Harm     .   (no ring)
rCorr   .          Rampage  .   (no ring)
Will    .....      NoTele   +   (no ring)
Stlth   +++.......              (no ring)
HPRegen 0.07/turn               (no ring)
MPRegen 0.10/turn               (no ring)
                                (no ring)
                                (no ring)

@: lethally poisoned (0 -> -11), on berserk cooldown, hasted and slowed
A: almost no armour, amphibious, 8 rings, camouflage 1, gelatinous body 1,
(nimble swimmer 1), tentacles
a: no special abilities


You were in the Dungeon.
You visited 1 branch

Inventory:

Scrolls
 f - a scroll of blinking
Potions
 a - a potion of curing
 b - a potion of heal wounds
 d - 2 potions of magic


   Skills:
 + Level 3.1 Dodging
 + Level 4.0 Stealth
 + Level 3.4 Spellcasting
 + Level 1.2 Conjurations
 + Level 6.3 Fire Magic


You had 7 spell levels left.
You knew the following spells:

 Your Spells              Type           Power      Damage    Failure   Level
a - Foxfire               Conj/Fire      64%        2x1d7     3%          1

Your spell library contained the following spells:

 Spells                   Type           Power      Damage    Failure   Level
 Scorch                   Fire           50%        2d8       1%          2
 Conjure Flame            Conj/Fire      16%        6-21      10%         3
 Inner Flame              Hex/Fire       14%        N/A       13%         3
 Flame Wave               Conj/Fire      16%        3d5       32%         4


Dungeon Overview and Level Annotations

Branches:
Dungeon (1/1)

Altars:


Innate Abilities, Weirdness & Mutations

You cannot wear most types of armour.
You are amphibious.
You can wear up to eight rings at the same time.
Your skin changes colour to match your surroundings (Stealth+).
Your rubbery body absorbs attacks. (AC +1, EV +1)
((You are camouflaged near water. (Stealth+)))
You have tentacles for arms and can constrict up to eight enemies at once.


Message History

The scorpion stings you!
Ouch! That really hurt!
You tentacle-slap the scorpion. You squeeze the scorpion.
You kill the scorpion!
Your Dodging skill increases to level 3!
Your Stealth skill gained 2 levels and is now at level 4!
Your Spellcasting skill increases to level 3!
Your Fire Magic skill gained 3 levels and is now at level 6!
You have reached level 2!
You have reached level 3!
Your experience leads to an increase in your attributes!
Increase (S)trength, (I)ntelligence, or (D)exterity?
You feel clever.
Unknown command.
There is a staircase leading out of the dungeon here.
You feel a strong urge to attack something.
You closely miss the scorpion. You grab the scorpion.
You constrict the scorpion, but do no damage.
The scorpion stings you.
You are lethally poisoned!
The scorpion poisons you!
You tentacle-slap the scorpion.
The scorpion is moderately wounded.
You constrict the scorpion, but do no damage.
* * * LOW HITPOINT WARNING * * *
You feel very sick.
You barely miss the scorpion.
The scorpion is moderately wounded.
You constrict the scorpion, but do no damage.
* * * LOW HITPOINT WARNING * * *
You feel sick. The scorpion stings you.
* * * LOW HITPOINT WARNING * * *
Unknown command.
You tentacle-slap the scorpion.
The scorpion is heavily wounded.
You are no longer berserk.
You are exhausted.
You feel yourself slow down.
You constrict the scorpion, but do no damage.
You die...

# #+#
#..###.##
#$†.s@+
#..###.##
# #+#


You could see a scorpion.

Vanquished Creatures
  A scorpion (D)
1 creature vanquished.

Vanquished Creatures (others)
  A foxfire (D)
1 creature vanquished.

Grand Total: 2 creatures vanquished

Notes
Turn   | Place    | Note
-------+----------+-------------------------------------------
     0 | D        | Conn the Octopode Fire Elementalist began the quest for the
                  | Orb.
     0 | D        | Reached XP level 1. HP: 11/11 MP: 3/3
    13 | D        | Noticed a scorpion
    13 | D        | Noticed a scorpion
    18 | D        | Killed a scorpion
    19 | D        | Reached skill level 6 in Fire Magic
    19 | D        | Reached XP level 2. HP: 12/17 MP: 4/6
    19 | D        | Reached XP level 3. HP: 15/21 MP: 4/7
    24 | D        | HP: 1/31 [scorpion (5)]
    25 | D        | Succumbed to a scorpion's poison

Illustrated notes

Levels and vault maps discovered:
D:        the_violet_keep_of_menkaure [sprint2_stairs_cluster_1,
          sprint2_shoproom, sprint2_temple, sprint2_basic_supplies,
          sprint2_obstacle_2, sprint2_obstacle_6, sprint2_obstacle_5,
          sprint2_obstacle_4, sprint2_obstacle_1, sprint2_timed_cluster_1,
          sprint2_smallroom_cluster_1, sprint2_smallroom_final_cluster_1,
          sprint2_transparent_cluster_1, sprint2_second_timed_cluster_1,
          sprint2_sniper_area_1, sprint2_heavy_combat_area_1,
          sprint2_mutation_trap_area_1, sprint2_forest_area_1,
          sprint2_light_combat_area_1, sprint2_behind_water_1,
          sprint2_near_end_vault_1]

Skill      XL: |  1 |
---------------+----+-----
Dodging        | 3 |  3.1
Stealth        | 4 |  4.0
Spellcasting   | 3 |  3.4
Fire Magic     | 6 |  6.3
Conjurations   | |  1.2

Action                   || total
-------------------------++-------
Melee: Unarmed           ||     7
       Constrict         ||     2
       Tentacles         ||     1
 Cast: Foxfire           ||     1
  Use: Potion            ||     2
Dodge: Dodged            ||     1

Table legend: (Time is in decaauts)
 A = Elapsed time spent in this place.
 B = Non-inter-level travel time spent in this place.
 C = Inter-level travel time spent in this place.
 D = Time resting spent in this place.
 E = Time spent auto-exploring this place.
 F = Levels seen in this place.
 G = Mean time per level.
                   A        B        C        D        E       F      G
               +--------+--------+--------+--------+--------+-----+--------+
         Total |     21 |     21 |      0 |      9 |      0 |   1 |   21.0 |
       Dungeon |     21 |     21 |      0 |      9 |      0 |   1 |   21.0 |
               +--------+--------+--------+--------+--------+-----+--------+

Top non-repeatable levels by time:
       D: 21 daAuts
